 Dungeon Crawl Stone Soup version 0.24.0-125-gc4c63601f3 (webtiles) character file.

Game seed: 12408297287020666372, levelgen mode: deterministic

84487 Johnny the Warrior (level 15, -6/235 HPs)
             Began as a Naga Berserker on Feb 25, 2020.
             Was a High Priest of Trog.
             Mangled by an ettin
             ... wielding a +0 dire flail
              (19 damage)
             ... on level 15 of the Dungeon.
             The game lasted 00:29:24 (25942 turns).

Johnny the Warrior (Naga Berserker)                Turns: 25942, Time: 00:29:25

Health: -6/235     AC: 26    Str: 29    XL:     15   Next: 80%
Magic:  15/15      EV: 14    Int: 12    God:    Trog [*****.]
Gold:   1868       SH:  2    Dex: 11    Spells: 14/14 levels left

rFire    . . .     SeeInvis +     - Unarmed
rCold    . . .     Gourm    .   (no shield)
rNeg     . . .     Faith    .   Y - +0 troll leather armour
rPois    +         Spirit   .   M - +0 helmet
rElec    .         Reflect  +   Q - +2 cloak {MR+}
rCorr    .         Harm     .   c - +1 pair of gloves
MR       ++++.     Rnd*Rage +   s - +4 naga barding {Stlth+}
Stlth    ..........             T - +2 amulet of reflection
HPRegen  0.89/turn              J - ring of the Mage {Wiz MR++ Int+3}
MPRegen  0.14/turn              f - +2 ring of evasion

@: berserking, quick
A: large, see invisible, berserk 1, deformed body, poison resistance, slowness
2, slow metabolism 1, spit poison 1, constrict 1, AC +5
a: Spit Poison, Berserk, Trog's Hand, Brothers in Arms, Renounce Religion


You were on level 15 of the Dungeon.
You worshipped Trog.
Trog was extremely pleased with you.
You were hungry.

You visited 3 branches of the dungeon, and saw 23 of its levels.

You collected 3004 gold pieces.
You spent 1136 gold pieces at shops.

Inventory:

Armour
 c - a +1 pair of gloves (worn)
 s - a +4 naga barding of stealth (worn)
 M - a +0 helmet (worn)
 Q - a +2 cloak of magic resistance (worn)
 W - +0 acid dragon scales
 Y - a +0 troll leather armour (worn)
Jewellery
 f - a +2 ring of evasion (right hand)
 v - an uncursed ring of fire
 F - an uncursed ring of ice
 J - the ring of the Mage (left hand) {Wiz MR++ Int+3}
   (You found it on level 7 of the Dungeon)

   [ring of wizardry]

   It improves your spell success rate.
   It affects your intelligence (+3).
   It affects your resistance to hostile enchantments.
 P - an uncursed ring of resist corrosion
 T - a +2 amulet of reflection (around neck)
Wands
 k - a wand of disintegration (30)
 l - a wand of paralysis (8)
 q - a wand of enslavement (1)
 B - a wand of clouds (2)
 H - a wand of acid (9)
 O - a wand of digging (5)
 V - a wand of iceblast (5)
Scrolls
 b - 11 scrolls of remove curse
 e - 3 scrolls of fear
 g - 9 scrolls of teleportation
 h - 10 scrolls of magic mapping
 o - a scroll of torment
 x - 4 scrolls of immolation
 y - 3 scrolls of blinking
 A - 4 scrolls of noise
 C - 2 scrolls of amnesia
 N - a scroll of holy word
 R - a scroll of vulnerability {unknown}
 S - a scroll of silence {unknown}
 U - a scroll of enchant armour
 X - a scroll of fog {unknown}
Potions
 a - 2 potions of agility
 i - 11 potions of curing
 j - 4 potions of flight
 m - 4 potions of berserk rage
 n - a potion of invisibility
 r - 3 potions of might
 t - 6 potions of heal wounds
 w - 2 potions of ambrosia {unknown}
 z - 3 potions of lignification
 D - 2 potions of cancellation {unknown}
 E - 3 potions of resistance {unknown}
 G - a potion of magic {unknown}
 I - 4 potions of mutation
 K - 5 potions of haste
 L - 4 potions of brilliance {unknown}
Miscellaneous
 p - a lamp of fire
 Z - a phial of floods
Comestibles
 d - 34 rations
 u - 7 chunks of flesh


   Skills:
 * Level 16.2 Fighting
 + Level 10.6 Armour
 + Level 10.6 Dodging
 + Level 8.1 Stealth
 + Level 13.1 Unarmed Combat


You had 14 spell levels left.
You didn't know any spells.
Your spell library contained the following spells:

 Spells                   Type           Power        Failure   Level  Hunger
 Corona                   Hex            #......      14%         1    ##.....
 Sandblast                Erth           #.....       14%         1    ##.....
 Shock                    Conj/Air       #...         14%         1    ##.....
 Corpse Rot               Necr           N/A          21%         2    ###....
 Ensorcelled Hibernation  Hex/Ice        #.....       21%         2    ###....
 Passwall                 Tmut/Erth      #.......     21%         2    ###....
 Swiftness                Chrm/Air       #.......     21%         2    ###....
 Confuse                  Hex            #.......     38%         3    ####...
 Dazzling Spray           Conj/Hex       #.....       38%         3    ####...
 Static Discharge         Conj/Air       #.......     38%         3    ####...
 Stone Arrow              Conj/Erth      #.....       38%         3    ####...
 Tukima's Dance           Hex            #.......     38%         3    ####...
 Airstrike                Air            #.........   77%         4    #####..
 Leda's Liquefaction      Hex/Erth       #.........   77%         4    #####..
 Petrify                  Tmut/Erth      #.......     77%         4    #####..
 Lee's Rapid Deconstruct  Erth           #.........   98%         5    ######.
 Lightning Bolt           Conj/Air       #.........   98%         5    ######.
 Summon Forest            Summ/Tloc      #.........   98%         5    ######.
 Hydra Form               Tmut           #.........   100%        6    #######
 Summon Hydra             Summ           #.........   100%        7    #######


Dungeon Overview and Level Annotations

Branches:
Dungeon (15/15)            Temple (0/1) D:5            Lair (6/6) D:8
  Swamp (0/4) Lair:2       Spider (0/4) Lair:4        Slime (0/5) Lair:5
    Orc (2/2) D:10            Elf (0/3) Orc:2        Vaults (0/5) D:14
 Depths: D:15

Altars:
Cheibriados
Elyvilon
Kikubaaqudgha
Nemelex Xobeh
Qazlal
Vehumet
The Shining One
Jiyva

Shops:
Orc:2 ((*

Annotations:
Lair:2 3 runed translucent doors, thethe's ghost, journeyman DEWz
Lair:5 3 runed translucent doors, Martska's ghost, journeyman GrEE
Lair:6 3 runed translucent doors, Nuepoake's ghost, journeyman NaTm


Innate Abilities, Weirdness & Mutations

You cannot wear boots.
Your serpentine skin is tough. (AC +5)
You have supernaturally acute eyesight. (SInv)
Armour fits poorly on your strangely shaped body.
Your system is resistant to poisons. (rPois)
You cover ground very slowly.
You have a slow metabolism.
You can spit poison.
You can use your snake-like lower body to constrict enemies.
You tend to lose your temper in combat.


Message History

You pummel the deep elf knight!!
The deep elf knight is almost dead.
You constrict the deep elf knight.
You kill the deep elf knight!
Trog accepts your kill.
Trog appreciates your killing of a magic user.
You hit the ettin.
The ettin is lightly wounded.
The ettin hits you with a +0 dire flail!!
* * * LOW HITPOINT WARNING * * *
The ettin completely misses you.
You hit the ettin.
The ettin is lightly wounded.
A red film seems to cover your vision as you go berserk!
You feel yourself moving faster!
You feel mighty!
You are feeling hungry.
The ettin hits you with a +0 dire flail!!!
* * * LOW HITPOINT WARNING * * *
The ettin hits you with a +0 dire flail!!
You die...

..≈≈....#.#
#...#.....
..≈...#)#.# .......
§.....#.#.####..#..#
§.....#............##
......#.##.#..###...#
......#.##.#..###.#.#
......#........#....#
......########...)..#
.....## #.....#@...#
.....# #.####C#####
.....# ..#. .....#
#... .# #.. # #.#.
..#) ..#.


You could see an ettin.

Vanquished Creatures
  Gastronok (Lair:1)
  A ghoul (D:15)
  An ironheart preserver (D:14)
  Harold (D:9)
  2 ogre magi (D:15)
  A rakshasa (D:14)
  4 hydras
  3 centaur warriors
  7 two-headed ogres
  10 death yaks (Lair:6)
  A tengu warrior (D:15)
  2 deep elf knights (D:15)
  Sonja (D:13)
  6 skeletal warriors
  4 unseen horrors
  A deep troll (D:15)
  An orc knight (Orc:2)
  2 oklob plants (Lair:2)
  An orc sorcerer (Orc:1)
  2 deep elf magi
  6 ugly things
  A wolf spider (D:14)
  Maurice (D:9)
  A manticore (D:13)
  5 cyclopes
  Joseph (Lair:1)
  4 black mambas
  5 elephants (Lair:3)
  2 torpor snails
  A kobold demonologist (D:11)
  2 gargoyles
  20 spiny frogs
  6 komodo dragons
  A rime drake (Lair:4)
  A queen bee (shapeshifter) (D:13)
  5 slime creatures
  4 tyrant leeches (Lair:6)
  A hornet (D:14)
  6 trolls
  Prince Ribbit (D:8)
  6 hippogriffs
  A bog body (Lair:2)
  13 blink frogs
  A meliai zombie (D:14)
  Sigmund (D:6)
  A vampire (D:14)
  A shadow (D:11)
  2 redbacks (Lair:4)
  2 wraiths
  A human (D:7)
  4 hogs (D:7)
  3 basilisks
  17 yaks
  2 hungry ghosts
  A steam dragon (Lair:2)
  Grum (D:11)
  10 vampire mosquitoes
  5 wargs
  2 acid dragons
  2 swamp worms (D:9)
  8 water moccasins
  8 porcupines
  A hornet zombie (D:7)
  4 ice beasts
  3 sky beasts
  A slave (D:8)
  2 phantoms
  4 black bears
  19 orc warriors
  16 ogres
  14 centaurs
  21 wolves
  5 big kobolds
  29 bullfrogs
  9 crocodiles
  A gnoll sergeant (D:8)
  A water moccasin zombie (D:5)
  3 scorpions
  6 killer bees
  4 wights (D:11)
  2 electric eels
  4 howler monkeys (D:9)
  4 crimson imps
  A bullfrog zombie (D:11)
  3 centaur zombies
  9 orc priests
  A bullfrog skeleton (D:9)
  7 hounds
  18 orc wizards
  A quasit (D:8)
  4 jellies
  Terence (D:3)
  An iguana (D:13)
  7 worker ants
  A hound zombie (D:10)
  5 mummies (D:15)
  2 worker ant zombies
  11 gnolls
  4 adders
  4 shadow imps
  An ooze (D:2)
  An adder skeleton (D:8)
  3 worms
  4 dart slugs
  66 orcs
  A ball python (D:3)
  5 giant cockroaches
  7 goblins
  11 hobgoblins
  12 jackals
  11 kobolds
  8 quokkas
  9 bats
  5 frilled lizards
  A jackal zombie (D:6)
  A leopard gecko skeleton (D:6)
  A quokka skeleton (D:8)
  A quokka zombie (D:5)
  3 rats
  A plant (Lair:2)
603 creatures vanquished.

Vanquished Creatures (collateral kills)
  A catoblepas (D:15)
  A death yak (Lair:6)
  A tengu warrior (D:15)
  An orc knight (Orc:2)
  Pikel (D:8)
  An orc sorcerer (Orc:1)
  An ugly thing (D:15)
  A spiny frog (Lair:6)
  A black mamba (Lair:6)
  A troll (Orc:1)
  A blink frog (Lair:6)
  A fire elemental (Lair:4)
  6 yaks (Lair:6)
  A warg (Orc:2)
  A swamp drake (D:10)
  19 orc warriors
  An ogre (D:15)
  3 centaurs (Orc:2)
  7 wolves (Lair:4)
  A bullfrog (Lair:6)
  4 orc priests
  An orc wizard (D:10)
  21 orcs
77 creatures vanquished.

Vanquished Creatures (others)
  A warg (D:8)
  An orc warrior (Orc:2)
  A slave (D:8)
  A centaur (D:8)
  A scorpion (D:9)
  An orc wizard (D:8)
  2 orcs
  11 fungi (Lair:6)
  52 plants
  4 withered plants (D:15)
75 creatures vanquished.

Grand Total: 755 creatures vanquished

Notes
Turn   | Place    | Note
-------+----------+-------------------------------------------
     0 | D:1      | Johnny the Naga Berserker began the quest for the Orb.
     0 | D:1      | Reached XP level 1. HP: 21/21 MP: 1/1
    92 | D:1      | Reached XP level 2. HP: 26/28 MP: 2/2
   265 | D:1      | You fall into a shaft and drop 1 floor!
   377 | D:2      | Reached XP level 3. HP: 34/34 MP: 3/3
   420 | D:2      | Reached ** piety under Trog
   789 | D:2      | Found a sparkling altar of Nemelex Xobeh.
   878 | D:2      | Found a stormy altar of Qazlal.
  1296 | D:1      | Reached XP level 4. HP: 38/42 MP: 4/4
  2010 | D:3      | Noticed Terence
  2021 | D:3      | Killed Terence
  2234 | D:3      | Reached XP level 5. HP: 49/49 MP: 5/5
  2342 | D:3      | Found an ancient bone altar of Kikubaaqudgha.
  2638 | D:4      | Noticed a black bear
  2648 | D:4      | Killed a black bear
  2648 | D:4      | Reached skill level 4 in Fighting
  2648 | D:4      | Reached XP level 6. HP: 57/57 MP: 6/6
  3250 | D:5      | Entered Level 5 of the Dungeon
  3281 | D:5      | Reached skill level 5 in Unarmed Combat
  3340 | D:5      | Found a snail-covered altar of Cheibriados.
  3352 | D:5      | Reached *** piety under Trog
  3470 | D:5      | Reached XP level 7. HP: 61/64 MP: 7/7
  3478 | D:5      | Found a staircase to the Ecumenical Temple.
  3629 | D:5      | Found a white marble altar of Elyvilon.
  4190 | D:5      | Reached XP level 8. HP: 73/73 MP: 8/8
  4223 | D:5      | Reached skill level 5 in Fighting
  4785 | D:6      | Reached **** piety under Trog
  4953 | D:6      | Noticed Sigmund
  4961 | D:6      | Killed Sigmund
  4961 | D:6      | Reached skill level 6 in Fighting
  5258 | D:7      | Reached XP level 9. HP: 75/85 MP: 9/9
  5606 | D:7      | Found a radiant altar of Vehumet.
  5771 | D:7      | Reached skill level 7 in Fighting
  5790 | D:7      | Reached skill level 5 in Armour
  6089 | D:7      | Found the ring of the Mage {Wiz MR++ Int+3}
  6359 | D:8      | Noticed Pikel
  6375 | D:8      | Reached skill level 5 in Dodging
  6399 | D:8      | Killed Pikel
  6399 | D:8      | Reached skill level 8 in Fighting
  6767 | D:8      | Reached XP level 10. HP: 88/96 MP: 10/10
  6974 | D:8      | Found a staircase to the Lair.
  7216 | D:8      | Noticed Prince Ribbit
  7229 | D:8      | Killed Prince Ribbit
  7778 | D:9      | Noticed Harold
  7793 | D:9      | Killed Harold
  7793 | D:9      | Reached skill level 9 in Fighting
  7974 | D:9      | Noticed Maurice
  7996 | D:9      | Killed Maurice
  8102 | D:9      | Found a glowing golden altar of the Shining One.
  8900 | D:10     | Entered Level 10 of the Dungeon
  9060 | D:10     | Noticed a two-headed ogre
  9071 | D:10     | Killed a two-headed ogre
  9071 | D:10     | Reached skill level 10 in Fighting
  9071 | D:10     | Reached XP level 11. HP: 108/108 MP: 11/11
  9109 | D:10     | Found a glowing golden altar of the Shining One.
  9368 | D:10     | Reached ***** piety under Trog
  9384 | D:10     | Found a staircase to the Orcish Mines.
 10409 | D:11     | Gained mutation: You tend to lose your temper in combat. [a
                  | neqoxec]
 10410 | D:11     | Noticed a sixfirhy
 10418 | D:11     | Noticed a sixfirhy
 10698 | D:12     | Noticed a skeletal warrior
 10698 | D:12     | Noticed a skeletal warrior
 10698 | D:12     | Noticed a skeletal warrior
 10698 | D:12     | Noticed a skeletal warrior
 10698 | D:12     | Noticed a skeletal warrior
 10715 | D:11     | Killed a skeletal warrior
 11076 | Lair:1   | Entered Level 1 of the Lair of Beasts
 11255 | Lair:1   | Noticed Joseph
 11271 | Lair:1   | Killed Joseph
 11301 | Lair:1   | Noticed Gastronok
 11329 | Lair:1   | Killed Gastronok
 11329 | Lair:1   | Reached skill level 11 in Fighting
 12283 | Lair:2   | Reached skill level 10 in Unarmed Combat
 12596 | Lair:2   | Reached XP level 12. HP: 120/120 MP: 12/12
 12995 | Lair:2   | Found a staircase to the Swamp.
 13532 | Lair:2   | Received a gift from Trog
 13827 | Lair:2   | Reached skill level 12 in Fighting
 14121 | Lair:2   | Found a runed translucent gate.
 14121 | Lair:2   | Found a runed translucent gate.
 14121 | Lair:2   | Found a runed translucent gate.
 14122 | Lair:2   | Noticed a death ooze
 14123 | Lair:2   | Found a viscous altar of Jiyva.
 14123 | Lair:2   | Noticed thethe's ghost (journeyman DEWz)
 15713 | Lair:4   | Found a hole to the Spider Nest.
 16320 | Lair:4   | Noticed a seven-headed hydra
 16510 | Lair:4   | Killed a seven-headed hydra
 16510 | Lair:4   | Gained mutation: You can use your snake-like lower body to
                  | constrict enemies. [Naga growth]
 16510 | Lair:4   | Reached XP level 13. HP: 87/130 MP: 13/13
 16790 | Lair:4   | Reached skill level 13 in Fighting
 17421 | Lair:5   | Found a runed translucent gate.
 17423 | Lair:5   | Got a faintly humming ring mail
 17434 | Lair:5   | Identified the +6 ring mail of the Storm King {Dex+5} (You
                  | found it on level 5 of the Lair of Beasts)
 17435 | Lair:5   | Found a runed translucent gate.
 17440 | Lair:5   | Found a runed translucent gate.
 17440 | Lair:5   | Noticed Martska's ghost (journeyman GrEE)
 17440 | Lair:5   | Noticed a death ooze
 17442 | Lair:5   | Noticed a death ooze
 17552 | Lair:5   | Found a staircase to the Slime Pits.
 17552 | Lair:5   | Found a viscous altar of Jiyva.
 17696 | Lair:5   | Found a viscous altar of Jiyva.
 17833 | Lair:6   | Entered Level 6 of the Lair of Beasts
 18421 | Lair:6   | Found a runed translucent gate.
 18432 | Lair:6   | Found a runed translucent gate.
 18433 | Lair:6   | Found a runed translucent gate.
 18434 | Lair:6   | Noticed Nuepoake's ghost (journeyman NaTm)
 18596 | Lair:6   | Reached skill level 14 in Fighting
 19134 | Lair:6   | Reached XP level 14. HP: 144/144 MP: 14/14
 20166 | Orc:1    | Entered Level 1 of the Orcish Mines
 20278 | Orc:2    | Entered Level 2 of the Orcish Mines
 20280 | Orc:2    | Received a gift from Trog
 20324 | Orc:2    | Found a staircase to the Elven Halls.
 20367 | Orc:2    | Found Xuadd's Weapon Boutique.
 20367 | Orc:2    | Found Goloahie's Distillery.
 20369 | Orc:2    | Found Muecriysorgh's Weapon Emporium.
 20371 | Orc:2    | Found Jegu's Assorted Antiques.
 20589 | Orc:2    | Bought a scroll of identify for 74 gold pieces
 20589 | Orc:2    | Bought 2 scrolls of identify for 148 gold pieces
 20589 | Orc:2    | Bought a scroll of identify for 74 gold pieces
 20591 | Orc:2    | Identified a scroll of acquirement
 20619 | Orc:2    | Bought a potion of might for 56 gold pieces
 20619 | Orc:2    | Bought 2 potions of haste for 280 gold pieces
 20619 | Orc:2    | Bought a potion of mutation for 112 gold pieces
 20619 | Orc:2    | Bought a potion of lignification for 42 gold pieces
 20619 | Orc:2    | Bought a potion of berserk rage for 70 gold pieces
 20619 | Orc:2    | Bought a potion of curing for 42 gold pieces
 20619 | Orc:2    | Bought a potion of flight for 42 gold pieces
 20619 | Orc:2    | Bought a potion of flight for 42 gold pieces
 20619 | Orc:2    | Bought a potion of invisibility for 112 gold pieces
 20619 | Orc:2    | Bought a potion of curing for 42 gold pieces
 20944 | Orc:1    | Reached skill level 1 in Stealth
 21049 | Orc:1    | Reached skill level 15 in Fighting
 22413 | D:11     | Noticed Grum
 22421 | D:11     | Killed Grum
 22723 | D:13     | Noticed Sonja
 22779 | D:13     | Reached skill level 10 in Armour
 22800 | D:13     | Reached skill level 10 in Dodging
 22999 | D:13     | Killed Sonja
 22999 | D:13     | Reached skill level 5 in Stealth
 23165 | D:13     | Reached XP level 15. HP: 154/154 MP: 15/15
 24719 | D:14     | Found a gate to the Vaults.
 25238 | D:15     | Entered Level 15 of the Dungeon
 25274 | D:15     | Reached skill level 16 in Fighting
 25429 | D:15     | Noticed a ghoul
 25449 | D:15     | Killed a ghoul
 25838 | D:15     | Received a gift from Trog
 25942 | D:15     | Mangled by an ettin

Levels and vault maps discovered:
D:1:      elethiomel_arrival_fortress_basement, layout_basic
D:2:      layout_basic, lemuel_doored_altar, nemelex_spade_bored_becter
D:3:      layout_basic, lemuel_coloured_pillars_altar, first_ration,
          serial_forest, infiniplex_forest_straight_2,
          infiniplex_forest_clump_small, infiniplex_forest_clump_diagonal,
          infiniplex_forest_lined_4_way, infiniplex_forest_join,
          infiniplex_forest_clump_tiny, minmay_liquid_box, uniq_terence
D:4:      layout_basic
D:5:      layout_rooms, cheibrodos_worm_habitat, elyvilon_altar_1,
          minmay_temple_entry_drinking_statues, minmay_crystal_water
D:6:      layout_loops_ring, uniq_sigmund
D:7:      layout_layer_cave, nicolae_overflow_crystal_walls, grunt_livestock,
          serial_park_tiny_pond, abandoned_shop
D:8:      layout_loops_ring, erik_lair_orcish_takeover, uniq_prince_ribbit1,
          uniq_pikel
D:9:      layout_gridville, nicolae_overflow_hidden_temple, serial_glass,
          glass_columns_b, glass_columns_a, item_on_display_a,
          due_unseen_surprise, minmay_strange_pillars, worms_lemuel,
          uniq_harold, uniq_maurice
D:10:     layout_roguey, erik_orc_1, nicolae_tso_carved_into_rock
D:11:     layout_basic, uniq_grum
D:12:     layout_irregular_city
D:13:     layout_basic, serial_glass, glass_columns_b, glass_columns_a,
          glass_columns_a, glass_columns_a, glass_columns_a, glass_columns_a,
          glass_columns_c, glass_columns_c, minivault_26, uniq_sonja
D:14:     layout_basic, skrybe_vaults_entry_preservation
D:15:     hangedman_depths_entry_civil_slaughter, layout_basic,
          nrook_mini_backslash, serial_undead, serial_undead_d, serial_undead_d,
          serial_undead_e, serial_undead_b, uniq_agnes
Lair:1:   layout_loops_ring, uniq_joseph, uniq_gastronok
Lair:2:   layout_loops_ring, skrybe_swamp_entry_bodies, gammafunk_ghost_ooze,
          minmay_lair_oklob_chamber
Lair:3:   layout_loops_ring, beast_lair_carwin_4
Lair:4:   layout_gridlike, spider_nest_entry_webs, grunt_forest_large_clearings
Lair:5:   layout_misc_corridors, slime_altar_1, gammafunk_ghost_ooze,
          chequers_serial_rivers_large_a
Lair:6:   minmay_lair_end_frog_pond, layout_regular_city,
          gammafunk_ghost_hydra_chop, serial_bayou_ford_a, lemuel_fruit_tree
Orc:1:    layout_diamond_mine
Orc:2:    st_orc_rangers, layout_caves

Skill      XL: |  1  2  3  4  5  6  7  8  9 10 11 12 13 14 15 |
---------------+----------------------------------------------+-----
Armour         | 2 3 4 5 6 7 8 9 10 | 10.6
Dodging        | 2 3 4 5 6 7 8 9 10 | 10.6
Unarmed Combat | 4 5 6 7 8 9 10 11 12 13 | 13.1
Fighting       | 4 6 8 10 11 12 14 15 16 | 16.2
Stealth        | 5 8 |  8.1

Action                   |  1- 3 |  4- 6 |  7- 9 | 10-12 | 13-15 || total
-------------------------+-------+-------+-------+-------+-------++-------
Melee: Unarmed           |   126 |    21 |       |       |  1058 ||  1205
       Punch             |     2 |     1 |    11 |    39 |   117 ||   170
       Whip              |       |   120 |   335 |       |       ||   455
       Trident           |       |    22 |       |       |       ||    22
       Short sword       |       |       |     4 |    20 |       ||    24
       Spear             |       |       |       |   781 |     4 ||   785
       Constrict         |       |       |       |       |   214 ||   214
Invok: Berserk           |     3 |     5 |    11 |    21 |    16 ||    56
       Brothers in Arms  |       |       |     1 |     2 |    12 ||    15
       Trog's Hand       |       |       |     1 |     2 |     8 ||    11
Evoke: Wand              |       |       |     5 |     1 |     6 ||    12
       Lamp of fire      |       |       |       |       |     1 ||     1
  Use: Scroll            |       |     1 |     6 |     8 |    15 ||    30
       Potion            |       |       |       |       |     4 ||     4
 Stab: Distracted        |       |       |       |     1 |     2 ||     3
       Invisible         |       |       |       |       |     9 ||     9
       Sleeping          |       |       |       |       |    11 ||    11
  Eat: Chunk             |     3 |    11 |     9 |    29 |    38 ||    90
       Ration            |       |       |     3 |     7 |     3 ||    13
Armor: Animal skin       |    12 |       |       |       |       ||    12
       Robe              |    25 |     8 |       |       |       ||    33
       Chain mail        |       |    77 |   219 |   449 |    16 ||   761
       Ring mail         |       |       |       |       |   396 ||   396
       Troll leather arm |       |       |       |       |    77 ||    77
       Acid dragon scale |       |       |       |       |    33 ||    33
Dodge: Dodged            |    81 |    78 |   169 |   448 |   873 ||  1649
Block: Other             |       |       |       |    35 |    88 ||   123
       Reflection        |       |       |       |       |     6 ||     6
